Unix NetHack Version 5.0.0-0 post-release - last build Jul 19 2026 19:10:59 (3aa4ab31751d3886436d94b585a96704892fd477,branch:main).

Game began 2026-07-26 18:54:16, ended 2026-07-27 06:42:12.

LDaviesPeters, neutral female human Archeologist

       -------------
       |.......`(..|
       |...........|
       |............#
       --------|----#
           #####    #
        ####        #
       ##           ###
      -+------------  #
      |............|  #    ----
      |?+????+??.??|  #    .ek|   #    #
      |??+?????????|  ### |f%..######--.--
      |+???????.???|    # |..O----###)..<.
      |?????+??????|    ##-...@.o.# #|...|
      --------------      |...Ze:|   |...|
                          |.r.i.s|   |".[|
                          --------   -----

LDaviesPeters the Investigator  St:13 Dx:11 Co:17 In:16 Wi:13 Ch:11  Neutral
Dlvl:5  $:0  HP:0(54) Pw:43(43) AC:3  Xp:7 T:6640 

Latest messages:
 The panther hits!
 The panther hits again!
 The panther misses!
 The panther hits!
 The panther hits again!
 The panther bites!
 You lash the panther!
 The panther hits!
 The panther hits again!
 The panther bites!
 You find an ogre lord posing as a statue.
 You lash the panther!
 The panther hits!
 The panther hits again!
 The panther bites!
 You kill the panther!
 The ogre lord wields a club!
 The ogre lord swings his club.
 The ogre lord hits!
 You see here a statue of a hill orc.
 You climb up the stairs.
 In what direction? 2
 The door closes.
 You stop waiting.
 You destroy the manes!
 You hear some noises.
 You are in full health.
 You descend the stairs.
 You see here a statue of a hill orc.
 You lash the ogre lord!
 The ogre lord swings his club.
 The ogre lord hits!
 You lash the ogre lord!
 The ogre lord swings his club.
 The ogre lord hits!
 You lash the ogre lord!
 The ogre lord swings his club.
 The ogre lord hits!
 You miss the ogre lord.
 The ogre lord swings his club.
 The ogre lord hits!
 You lash the ogre lord!
 The ogre lord swings his club.
 The ogre lord hits!
 You die...
 Do you want your possessions identified? [ynq] (y) y
 Do you want to see your attributes? [ynq] (y) y
 Do you want an account of creatures vanquished? [ynaq] (y) n
 Do you want to see your conduct and achievements? [ynq] (y) y
 Do you want to see the dungeon overview? [ynq] (y) n

Inventory:
 Weapons  (')')
  z - a +1 dagger
  y - 2 +0 daggers
  u - a +1 orcish dagger
  a - a +2 bullwhip (weapon in right hand)
 Armor    ('[')
  C - an uncursed rusty +0 orcish helm (being worn)
  c - an uncursed +0 pair of leather gloves
  E - an uncursed +0 pair of iron shoes (being worn)
  J - an uncursed rotted +0 small shield (being worn)
  F - an uncursed +0 elven mithril-coat (being worn)
 Comestibles  ('%')
  X - an uncursed food ration
  o - an uncursed tripe ration
 Scrolls  ('?')
  n - a blessed scroll of blank paper
  m - 3 uncursed scrolls of blank paper
 Rings    ('=')
  T - an uncursed ring of protection from shape changers
  O - an uncursed ring of teleport control
 Wands    ('/')
  A - a cursed wand of cancellation (0:1)
  D - a wand of magic missile (0:2)
  Z - a wand of speed monster (0:5)
  Q - a wand of stasis (0:3)
  M - a cursed wand of stasis (0:5)
  s - a wand of teleportation (0:4)
  q - a wand of undead turning (0:3)
 Tools    ('(')
  b - an uncursed sack containing 17 items
  B - an uncursed blindfold
  k - an uncursed lock pick
  l - an uncursed oil lamp
  p - a +0 pick-axe
  f - a tinning kit (0:76)
 Gems/Stones  ('*')
  L - an uncursed sapphire
  g - an uncursed touchstone

Contents of the sack:
  194 gold pieces
  an uncursed +0 mummy wrapping
  3 uncursed scrolls of blank paper
  an uncursed scroll of confuse monster
  an uncursed scroll of destroy armor
  an uncursed scroll of enchant armor
  an uncursed scroll of enchant weapon
  an uncursed scroll of gold detection
  an uncursed scroll of identify
  a blessed scroll of light
  an uncursed scroll of light
  a cursed scroll of light
  a blessed scroll of magic mapping
  an uncursed scroll of scare monster
  an uncursed scroll of stinking cloud
  a cursed -2 ring of adornment
  a magic marker (0:22)

LDaviesPeters the Archeologist's attributes:

Background:
 You were an Investigator, a level 7 female human Archeologist.
 You were neutral, on a mission for Camaxtli
 who was opposed by Quetzalcoatl (lawful) and Huhetotl (chaotic).
 You were right-handed.
 You were in the Dungeons of Doom, on level 5.
 You entered the dungeon 6640 turns ago.
 You had 1106 experience points, 174 more were needed to attain level 8.

Basics:
 You had 0 out of 54 hit points.
 You had all 43 energy points (spell power).
 Your armor class was 3.
 Your wallet was empty, but
 you had 194 zorkmids stashed away in your pack.
 Autopickup was off.

Final Characteristics:
 Your strength was 13 (limit:18/100).
 Your dexterity was 11 (limit:18).
 Your constitution was 17 (limit:18).
 Your intelligence was 16 (limit:18).
 Your wisdom was 13 (limit:18).
 Your charisma was 11 (limit:18).

Final Status:
 You weren't hungry.
 You were unencumbered.
 You were wielding a whip.
 You had expert skill with whip.

Final Attributes:
 You were piously aligned.
 You were fire resistant.
 You were poison resistant.
 You were telepathic.
 You had automatic searching.
 You were stealthy.
 You were guarded.
 Your spell casting was impaired by metallic armor.
 You are dead.

Miscellaneous:
 You encountered 1 bones level.
 Total elapsed playing time was 2 hours, 9 minutes and 44 seconds.

Major events:
 Turn
    1: LDaviesPeters the neutral female human Archeologist entered the dungeon
  684: attained the rank of Field Worker (level 3)
 2500: entered the Gnomish Mines
 3239: attained the rank of Investigator (level 6)
 3455: reached Mine Town
 6640: killed by an ogre lord

Spells:
 Name                 Level Category     Fail Retention
 detect treasure        4   divination   100%   51%-75%
 jumping                1   escape       100%   51%-75%
 create monster         2   clerical     100%   51%-75%
 cancellation           7   matter       100%  76%-100%
 create familiar        6   clerical     100%  76%-100%

Skills:
 Fighting Skills
   bare handed combat [Unskilled]
   two weapon combat  [Unskilled]
   riding             [Unskilled]
 Weapon Skills
   dagger             [Unskilled]
   knife              [Unskilled]
   pick-axe           [Basic]
   short sword        [Unskilled]
   saber              [Unskilled]
   club               [Unskilled]
   quarterstaff       [Unskilled]
   sling              [Unskilled]
   dart               [Unskilled]
   boomerang          [Unskilled]
   whip               [Expert]
   unicorn horn       [Unskilled]
 Spellcasting Skills
   attack spells      [Unskilled]
   healing spells     [Unskilled]
   divination spells  [Unskilled]
   matter spells      [Unskilled]

Voluntary challenges:
 Character rerolling was not enabled.
 You never genocided any monsters.
 You never polymorphed an object.
 You never changed form.
 You used no wishes.
Achievements:
 You attained the rank of Field Worker.
 You entered a shop.
 You entered the Gnomish Mines.
 You attained the rank of Investigator.
 You entered Minetown.
 You entered a temple.

 The Dungeons of Doom: levels 1 to 5
    Level 1:
       A fountain, a grave.
    Level 2:
    Level 3:
       A general store.
    Level 4:
       Stairs down to The Gnomish Mines.
    Level 5: <- You were here.
       A scroll shop.
       Final resting place for
          you, killed by an ogre lord.
 The Gnomish Mines: levels 5 to 8
    Level 5:
    Level 6:
    Level 7:
       Many shops, a temple and an altar to Camaxtli, many fountains.
    Level 8:
       Final resting place for
          baika-Val-Hum-Fem-Law, killed by a werejackal.


Vanquished creatures:
  a small mimic
  a human mummy
 an ettin zombie
  a watchman
  a quivering blob
  a panther
  a leprechaun
  a giant spider
 an orc mummy
  a snake
  a fire ant
  a water nymph
  4 Mordor orcs
  a rock mole
  a pony
  9 gnome leaders
  2 gnomish wizards
  a gray ooze
  3 elf zombies
  2 paper golems
  2 giant ants
  4 floating eyes
  8 dwarves
  a homunculus
  2 kobold leaders
  a kobold shaman
  2 hill orcs
  2 rabid rats
  a centipede
  a giant bat
  3 wererats
  a werejackal
  4 iguanas
 an acid blob
  2 coyotes
  2 hobbits
 11 manes
  2 large kobolds
  a hobgoblin
  a giant rat
  2 cave spiders
  a brown mold
  2 yellow molds
  a green mold
  a red mold
 23 gnomes
  2 gnome zombies
  7 geckos
  a jackal
  4 foxes
  3 kobolds
  2 goblins
  a sewer rat
  7 grid bugs
  3 lichens
  8 newts
155 creatures vanquished.

No species were genocided or became extinct.

Game over:
                       ----------
                      /          \
                     /    REST    \
                    /      IN      \
                   /     PEACE      \
                  /                  \
                  |  LDaviesPeters   |
                  |      194 Au      |
                  |   killed by an   |
                  |    ogre lord     |
                  |                  |
                  |                  |
                  |       2026       |
                 *|     *  *  *      | *
        _________)/\\_//(\/(/\)/\//\/|_)_______

Goodbye LDaviesPeters the Archeologist...

You died in The Dungeons of Doom on dungeon level 5 with 4959 points,
and 194 pieces of gold, after 6640 moves.
You were level 7 with a maximum of 54 hit points when you died.

